 Dungeon Crawl Stone Soup version 0.28.0-45-g0d030f2227 (webtiles) character file.

Game seed: 17593845886837855484

70 zeratav the Digger (level 4, -4/27 HPs)
             Began as a Gargoyle Earth Elementalist on Apr 5, 2022.
             Killed from afar by an orc wizard (9 damage)
             ... with a magic dart
             ... on level 3 of the Dungeon.
             The game lasted 00:05:57 (3825 turns).

zeratav the Digger (Gargoyle Earth Elementalist)    Turns: 3825, Time: 00:05:58

Health: -4/27      AC:  9    Str: 12    XL:     4   Next: 21%
Magic:  5/7        EV: 10    Int: 17    God:
Gold:   127        SH:  0    Dex: 10    Spells: 7/8 levels left

rFire   . . .      SeeInvis .   a - staff of air
rCold   . . .      Faith    .   (no shield)
rNeg    + . .      Spirit   .   b - +0 ring mail
rPois   ∞          Reflect  .   (no helmet)
rElec   +          Harm     .   k - +0 cloak
rCorr   .          Rampage  .   (no gloves)
Will    .....                   (no boots)
Stlth   +.........              (no amulet)
HPRegen 0.09/turn               (no ring)
MPRegen 0.10/turn               (no ring)

@: no status effects
A: sickness immunity, AC +3, negative energy resistance 1, electricity
resistance, torment resistance 1, petrification resistance
a: no special abilities


You were on level 3 of the Dungeon.
You visited 1 branch of the dungeon, and saw 3 of its levels.

You collected 127 gold pieces.

Inventory:

Missiles
 c - 28 stones
Armour
 b - a +0 ring mail (worn)
 k - a +0 cloak (worn)
Magical Staves
 a - a staff of air (weapon)
Scrolls
 d - a scroll of silence {unknown}
 e - a scroll of magic mapping {unknown}
 g - a scroll of vulnerability {unknown}
 j - a scroll of noise {unknown}
 l - a scroll of identify {unknown}
 m - a scroll of fear {unknown}
Potions
 f - a potion of mutation {unknown}
 h - a potion of invisibility {unknown}
 i - a potion of heal wounds {unknown}


   Skills:
 * Level 2.3 Fighting
 - Level 1.5 Dodging
 - Level 2.1 Stealth
 + Level 2.5 Spellcasting
 - Level 0.7 Transmutations
 * Level 4.7 Earth Magic


You had 7 spell levels left.
You knew the following spells:

 Your Spells              Type           Power      Damage    Failure   Level
a - Sandblast             Erth           36%        2d10      6%          1

Your spell library contained the following spells:

 Spells                   Type           Power      Damage    Failure   Level
 Passwall                 Tmut/Erth      9%         N/A       21%         2
 Stone Arrow              Conj/Erth      20%        3d8       43%         3
 Petrify                  Tmut/Erth      11%        N/A       80%         4


Dungeon Overview and Level Annotations

Branches:
Dungeon (3/15)

Altars:


Innate Abilities, Weirdness & Mutations

You are immune to sickness and miasma.
Your stone body is resilient. (AC +3)
You are immune to poison.
You resist negative energy. (rN+)
You are resistant to electric shocks. (rElec)
You are resistant to unholy torment.
You are immune to petrification.


Message History

You bump into the rock wall.
The orc wizard barely misses you.
You hit the orc wizard.
The orc wizard is severely wounded.
The orc wizard hits you but does no damage.
You bump into the rock wall.
You feel less confused.
The orc wizard points at you and mumbles some strange words.
You are confused.
You bump into the rock wall.
The orc wizard hits you with a +0 dagger.
* * * LOW HITPOINT WARNING * * *
You're too confused to cast spells.
Sorry, you're not good enough to have a special ability.
You're too confused to cast spells.
You hit the orc wizard.
The orc wizard is severely wounded.
The orc wizard closely misses you. x2
You miss the orc wizard.
The orc wizard is severely wounded.
The orc wizard completely misses you.
You barely miss the orc wizard.
The orc wizard is severely wounded.
The orc wizard casts a spell at you. You resist with some effort.
You bump into the rock wall.
The orc wizard completely misses you.
You bump into the rock wall.
You feel less confused.
The orc wizard hits you with a +0 dagger.
* * * LOW HITPOINT WARNING * * *
Casting: Sandblast (safe; 6% risk of failure)
Confirm with . or Enter, or press ? or * to list all spells.
Aiming: Sandblast (safe; 6% risk of failure)
Press: ? - help, Shift-Dir - straight line, f/p - orc wizard
Aim: an orc wizard, wielding a +0 dagger and wearing a +0 robe (severely wounded, 74% to hit)
The blast of sand misses the orc wizard.
The blast of sand hits the ball python!
You kill the ball python!
The orc wizard casts a spell at you. The magic dart hits you!
You die...

#####..##.#...#...##
##.########
............#..##.#
#.........
#..######.#...###.#
##.######## #..#
#.##..# ##.###.##
#..# #.###># ##...##
#..# .# ##.###.####
...# #.>.## ##.#
##.## #.######.# #@#
#........# #o#
#.######## #o#
#......... #S#
##.######## .o# ...#
... #### ###. . ..


You could see an orc wizard, an adder and 2 orcs.

Vanquished Creatures
  2 adders
  2 dart slugs
  2 orcs (D:3)
  2 bats (D:2)
  6 endoplasms
  9 hobgoblins
  2 jackals (D:1)
  4 kobolds
  A quokka (D:2)
  6 ball pythons
  2 frilled lizards
  A goblin (D:2)
  2 rats
41 creatures vanquished.

Notes
Turn   | Place    | Note
-------+----------+-------------------------------------------
     0 | D:1      | zeratav the Gargoyle Earth Elementalist began the quest for
                  | the Orb.
     0 | D:1      | Reached XP level 1. HP: 10/10 MP: 3/3
   678 | D:1      | Reached XP level 2. HP: 16/16 MP: 3/5
   767 | D:1      | Reached skill level 1 in Fighting
   862 | D:1      | Reached skill level 4 in Earth Magic
   870 | D:1      | Found a faded altar of an unknown god.
  2349 | D:2      | Reached XP level 3. HP: 20/20 MP: 3/6
  3636 | D:3      | Reached XP level 4. HP: 17/26 MP: 7/7
  3825 | D:3      | Killed from afar by an orc wizard

Illustrated notes

Levels and vault maps discovered:
D:1:      dpeg_arrival_concentric_ovals, layout_loops_ring,
          hellmonk_ecumenical_altar_run_dry, minmay_pentomino_t2
D:2:      layout_basic, serial_glass, glass_columns_b, glass_columns_a,
          glass_columns_c, glass_columns_a, glass_columns_b, glass_columns_c,
          glass_columns_b, glass_columns_b
D:3:      layout_loops_ring, grunt_decor_fettered

Skill      XL: |  1  2  3 |
---------------+----------+-----
Fighting       | 1 2 |  2.3
Earth Magic    | 4 |  4.7
Dodging        | |  1.5
Stealth        | |  2.1
Spellcasting   | |  2.5
Transmutations | |  0.7

Action                   |  1- 3 |  4- 6 || total
-------------------------+-------+-------++-------
Melee: Staff             |    83 |    20 ||   103
       Punch             |       |     1 ||     1
 Cast: Sandblast         |    25 |     8 ||    33
 Stab: Sleeping          |     2 |       ||     2
Armor: Robe              |     9 |       ||     9
       Leather armour    |    24 |     2 ||    26
       Ring mail         |       |    10 ||    10
Dodge: Dodged            |    65 |    12 ||    77
